 Dungeon Crawl Stone Soup version 0.29-a0-830-gcb1280458a (webtiles) character file.

Game seed: 14977947840438323774

16 gruber the Magician (level 2, -2/21 HPs)
             Began as a Djinni Fire Elementalist on July 11, 2022.
             Slain by Terence
             ... wielding a +0 falchion
              (4 damage)
             ... on level 1 of the Dungeon.
             The game lasted 00:00:45 (1613 turns).

gruber the Magician (Djinni Fire Elementalist)      Turns: 1613, Time: 00:00:45

Health: -2/21      AC:  2    Str:  7    XL:     2   Next: 75%
Gold:   26         EV: 12    Int: 16    God:
                   SH:  0    Dex: 13

rFire   + + .      SeeInvis .   (no weapon)
rCold   x . .      Faith    .   (no shield)
rNeg    . . .      Spirit   .   a - +0 robe
rPois   ∞          Reflect  .   (no helmet)
rElec   .          Harm     .   (no cloak)
rCorr   .          Rampage  .   (no gloves)
Will    .....                   (boots unavailable)
Stlth   ++........              (no amulet)
HPRegen 0.07/turn               (no ring)
MPRegen 0.00/turn               (no ring)

@: flying
A: sickness immunity, fire resistance 2, cold vulnerability 1, float, innate
caster, HP casting, extra vitality 1
a: no special abilities


You were on level 1 of the Dungeon.
You visited 1 branch of the dungeon, and saw 2 of its levels.

You collected 26 gold pieces.

Inventory:

Armour
 a - a +0 robe (worn)
Scrolls
 b - 4 scrolls of identify {unknown}
 c - a scroll of teleportation {unknown}
Potions
 d - a potion of curing {unknown}


   Skills:
 - Level 2.1 Dodging
 - Level 1.5 Stealth
 + Level 3.0 Spellcasting


You couldn't memorise any spells.
You knew the following spells:

 Your Spells              Type           Power      Damage    Failure   Level
a - Foxfire               Conj/Fire      48%        2x1d6     5%          1
b - Scorch                Fire           24%        2d6       8%          2
c - Conjure Flame         Conj/Fire      12%        6-21      16%         3
d - Inner Flame           Hex/Fire       12%        N/A       16%         3
e - Flame Wave            Conj/Fire      12%        2d6       45%         4
Your spell library was empty.

Dungeon Overview and Level Annotations

Branches:
Dungeon (2/15)

Altars:

Shops:
D:1 [

Annotations:
D:1 Terence


Innate Abilities, Weirdness & Mutations

You are immune to sickness and miasma.
You are immune to poison.
Your flesh is very heat resistant. (rF++)
You are vulnerable to cold. (rC-)
You float through the air rather than walking.
You learn spells naturally, not from books.
Your magical power is your life essence.
You have superior vitality. (+4 MHP)


Message History

a +0 club; a goblin corpse
Found a club.
You see here a +0 club.
You see here a +0 club.
Key pressed, stopping explore.
Done exploring.
Done exploring.
Done exploring.
Done exploring.
Done exploring.
(D) Dungeon
Where to? (? - help)
There is a stone staircase leading down here.
You fly downwards.
Found 2 scrolls labelled PEUL DUNYAL, a dagger and an emerald potion.
There is a stone staircase leading up here.
Terence is nearby!
You conjure some foxfire!
Terence shouts!
Terence hits you with a +0 falchion!
You hear a shout!
You conjure some foxfire!
The foxfire hits Terence but does no damage. x2
Terence hits you with a +0 falchion!
* * * LOW HITPOINT WARNING * * *
You are too injured to fight recklessly!
You are too injured to fight recklessly!
You are too injured to fight recklessly!
Unknown command.
The foxfire hits Terence but does no damage. x2
Terence barely misses you.
You fly upwards.
There is a stone staircase leading down here.
Unknown command.
Terence closely misses you. Terence attacks as you move away!
Terence closely misses you. Terence attacks as you move away!
Terence closely misses you. Terence screams, "I want your blood!"
Terence attacks as you move away! Terence hits you with a +0 falchion.
You die...

#.......................#####.#
#.###################.#.##....#
#.#.................#.#.##.####
#...................#.#.##.#
#.#.######............#.##.#
#.#....# #.############.##.#
######.# #.# #.##.#
....##)###.############.##.#
)...............@@...>#.##.#
..#.##.###.##########.#.##.#
#.#.##.###.# #.#.##.#
.........#.# #.#....#
#.#.##.#.#.# #### #.######
.....#.#.#.# #..# #.#
.....#.#.#.####.8# #.#
.....#.#.#.......####.#
.......#.####.8>∩)8.#.#


You could see Terence.

Vanquished Creatures
  A ball python (D:1)
  2 endoplasms (D:1)
  A goblin (D:1)
  4 hobgoblins (D:1)
  2 kobolds (D:1)
  A quokka (D:1)
  A frilled lizard (D:1)
  A rat (D:1)
13 creatures vanquished.

Vanquished Creatures (others)
  64 foxfires
64 creatures vanquished.

Grand Total: 77 creatures vanquished

Notes
Turn   | Place    | Note
-------+----------+-------------------------------------------
     0 | D:1      | gruber the Djinni Fire Elementalist began the quest for the
                  | Orb.
     0 | D:1      | gruber set off with the following spells memorised:
                  | Foxfire, Scorch, Conjure Flame, Inner Flame, Flame Wave.
     0 | D:1      | Reached XP level 1. HP: 15/15 MP: 0/0
   335 | D:1      | Found Toicazxa's Armour Shoppe.
   616 | D:1      | Reached XP level 2. HP: 16/21 MP: 0/0
  1181 | D:1      | Reached skill level 3 in Spellcasting
  1603 | D:2      | Noticed Terence
  1605 | D:2      | HP: 1/21 [Terence/+0 falchion (10)]
  1613 | D:1      | Slain by Terence

Illustrated notes

Levels and vault maps discovered:
D:1:      dpeg_arrival_solitude, layout_basic, serial_shops,
          nicolae_shop_statue_plus
D:2:      layout_basic, basic_ecumenical_altar, uniq_sigmund, uniq_terence,
          uniq_jessica

Skill      XL: |  1  2 |
---------------+-------+-----
Spellcasting   | 3 |  3.0
Dodging        | |  2.1
Stealth        | |  1.5

Action                   || total
-------------------------++-------
 Cast: Foxfire           ||    48
Dodge: Dodged            ||    14

Table legend: (Time is in decaauts)
 A = Elapsed time spent in this place.
 B = Non-inter-level travel time spent in this place.
 C = Inter-level travel time spent in this place.
 D = Time resting spent in this place.
 E = Time spent auto-exploring this place.
 F = Levels seen in this place.
 G = Mean time per level.
                   A        B        C        D        E       F      G
               +--------+--------+--------+--------+--------+-----+--------+
         Total |   1613 |   1574 |     39 |      0 |   1460 |   2 |  806.5 |
       Dungeon |   1613 |   1574 |     39 |      0 |   1460 |   2 |  806.5 |
               +--------+--------+--------+--------+--------+-----+--------+

Top non-repeatable levels by time:
     D:1: 1609 daAuts
     D:2: 3 daAuts
